 Dungeon Crawl Stone Soup version 0.24-a0-423-g6870c0f642 (webtiles) character file.

Game seed: 11792431245921564746

1037 SpeedDemon the Slasher (level 7, 25/59 (60) HPs)
             Began as a Demigod Gladiator on June 13, 2019.
             Quit the game on level 6 of the Dungeon.
             The game lasted 00:07:35 (5836 turns).

SpeedDemon the Slasher (Demigod Gladiator)          Turns: 5836, Time: 00:07:36

HP:   25/59 (60)    AC:  9    Str: 17    XL:     7   Next: 74%
MP:   9/9           EV: 14    Int: 12    God:
Gold: 314           SH:  0    Dex: 21    Spells: 6/6 levels left

rFire    . . .     SeeInvis .   a - +1 long sword
rCold    . . .     Gourm    .   (no shield)
rNeg     . . .     Faith    .   g - +0 ring mail (curse)
rPois    .         Spirit   .   c - +0 helmet
rElec    .         Reflect  .   x - +0 cloak
rCorr    .         Harm     .   (no gloves)
MR       .....                  p - +1 pair of boots
Stlth    +.........             (no amulet)
HPRegen  0.19/turn              (no ring)
MPRegen  0.11/turn              (no ring)

@: no status effects
A: high mp 1
a: no special abilities


You were on level 6 of the Dungeon.
You were not hungry.

You visited 2 branches of the dungeon, and saw 7 of its levels.

You collected 314 gold pieces.

Inventory:

Hand Weapons
 a - a +1 long sword (weapon)
 e - a +2 short sword of protection
Missiles
 h - 8 boomerangs
 y - 2 throwing nets (quivered) {!f}
Armour
 c - a +0 helmet (worn)
 g - a cursed +0 ring mail (worn)
 p - a +1 pair of boots (worn)
 x - a +0 cloak (worn)
Jewellery
 j - a cursed -2 ring of intelligence {unknown}
 s - a cursed ring of teleportation {unknown}
 B - an uncursed ring of resist corrosion {unknown}
Wands
 d - a wand of iceblast (4)
 w - a wand of digging (5)
Scrolls
 b - a scroll of enchant weapon
 n - a scroll of immolation
 r - a scroll of fog {unknown}
 u - 2 scrolls of teleportation {@r3}
 v - a scroll of remove curse {unknown}
Potions
 i - a potion of might {@q4}
 k - 5 potions of curing {@q1}
 l - a potion of haste {@q3}
 m - a potion of agility {@q5}
 o - a potion of flight
 q - a potion of ambrosia
 t - a potion of berserk rage {!q}
 z - a potion of mutation {unknown}
Comestibles
 f - 6 rations
 A - 6 chunks of flesh


   Skills:
 + Level 4.5 Fighting
 * Level 6.6 Long Blades
 - Level 1.7 Throwing
 + Level 5.0 Dodging


You had 6 spell levels left.
You didn't know any spells.
Your spell library was empty.

Dungeon Overview and Level Annotations

Branches:
Dungeon (6/15)             Temple (1/1) D:4

Annotations:
D:3 1 runed translucent door, pljop's ghost, weakling DsMo


Innate Abilities, Weirdness & Mutations

You have an increased reservoir of magic. (+10% MP)


Message History

The orc priest looks encouraged for a moment.
You barely miss the necrophage.
The necrophage is lightly damaged.
The necrophage hits you.
The orc priest mumbles some strange prayers to Beogh against you.
Beogh smites you! The necrophage barely misses you.
You hit the necrophage.
The necrophage is moderately damaged.
The orc completely misses you. The orc closely misses you.
You riposte.
You hit the orc.
The orc is lightly wounded.
The necrophage hits you.
You slash the necrophage!
The necrophage is severely damaged.
The orc hits you but does no damage. The orc completely misses you.
You riposte.
You slash the orc!
You kill the orc!
The necrophage hits you.
Unknown command.
Are you sure you want to abandon this character and quit the game? (Confirm with "yes".)

...............
....$..........
#...............
#........)..<...#
#.?....o........#
♣♣
#......o........#
♣♣.
#......n........#
♣♣..
#....o@........#
♣♣...
#..............#
♣....
##.............#
♣♣....
###.$.........#
♣.....
###........##
♣.♣... ###......#
♣♣♣♣♣. ###...##
♣♣. #.### ♣..
#.## ##.


You could see an orc warrior, a necrophage, an orc priest and an orc.

Vanquished Creatures
  An ogre
  2 phantoms
  2 centaurs Blork the orc
  A scorpion
  2 jellies
  2 hounds Crazy Yiuf
  An orc priest Jessica Ijyb
  An iguana
  An orc wizard
  A killer bee zombie
  8 adders
  A shadow imp
  An ooze
  A worm
  6 dart slugs
  6 leopard geckos
  15 orcs
  2 ball pythons
  5 bats
  A bat zombie
  2 giant cockroaches
  4 goblins
  10 hobgoblins
  A quokka
  A frilled lizard
  A jackal zombie
  10 kobolds
  7 rats
100 creatures vanquished.

Notes
Turn   | Place    | Note
-------+----------+-------------------------------------------
     0 | D:1      | SpeedDemon the Demigod Gladiator began the quest for the
                  | Orb.
     0 | D:1      | Reached XP level 1. HP: 17/17 MP: 3/3
   307 | D:1      | Reached skill level 3 in Long Blades
   528 | D:1      | Reached skill level 2 in Fighting
   529 | D:1      | Reached XP level 2. HP: 23/24 MP: 4/4
   750 | D:1      | Reached skill level 3 in Dodging
  1128 | D:2      | Reached XP level 3. HP: 29/29 MP: 5/5
  1489 | D:2      | Found a shimmering altar of Xom.
  1565 | D:2      | Reached XP level 4. HP: 37/37 MP: 6/6
  2054 | D:3      | Found a white marble altar of Elyvilon.
  2107 | D:3      | Noticed Jessica
  2123 | D:3      | Reached skill level 4 in Long Blades
  2132 | D:3      | Noticed pljop's ghost (weakling DsMo)
  2133 | D:3      | Found a runed translucent door.
  2144 | D:3      | Killed Jessica
  2278 | D:3      | Reached XP level 5. HP: 27/44 MP: 7/7
  2451 | D:3      | Found a sparkling altar of Nemelex Xobeh.
  2495 | D:3      | Found a shattered altar of Ashenzari.
  2555 | D:3      | Found a hazy altar of Hepliaklqana.
  2709 | D:4      | Found a sparkling altar of Nemelex Xobeh.
  2726 | D:4      | Noticed a centaur
  2778 | D:4      | Killed a centaur
  2778 | D:4      | Reached skill level 3 in Fighting
  3014 | D:4      | Noticed a phantom
  3045 | D:4      | Killed a phantom
  3045 | D:4      | Reached skill level 5 in Long Blades
  3045 | D:4      | Reached skill level 4 in Dodging
  3045 | D:4      | Reached XP level 6. HP: 42/51 MP: 8/8
  3149 | D:4      | Found a staircase to the Ecumenical Temple.
  3161 | D:4      | Noticed Blork the orc
  3188 | D:4      | Killed Blork the orc
  4016 | Temple   | Entered the Ecumenical Temple
  4041 | D:5      | Entered Level 5 of the Dungeon
  4208 | D:5      | Reached XP level 7. HP: 45/58 MP: 9/9
  4292 | D:5      | Found a bloodstained altar of Trog.
  4306 | D:5      | Reached skill level 4 in Fighting
  4486 | D:5      | Reached skill level 6 in Long Blades
  4600 | D:5      | Noticed Ijyb
  4629 | D:5      | Killed Ijyb
  4659 | D:5      | Found a runed translucent door.
  4660 | D:5      | Noticed Crazy Yiuf
  5277 | D:5      | Reached skill level 5 in Dodging
  5550 | D:5      | Killed Crazy Yiuf
  5786 | D:6      | Found a blossoming altar of Fedhas.
  5836 | D:6      | Quit the game

Levels and vault maps discovered:
D:1:      saegor_arrival_fortress, layout_loops_ring, minmay_crystal_water
D:2:      layout_basic, first_ration, xom_teletrap_fun
D:3:      layout_rooms, lemuel_doored_altar, elyvilon_altar_4,
          ashenzari_altar_1, lemuel_coloured_pillars_altar,
          hellmonk_ghost_happy_afterlife, uniq_jessica
D:4:      layout_loops_ring, minmay_temple_entry_sparse_star,
          nemelex_spade_bored_becter, uniq_blork_the_orc
D:5:      layout_loops_corners, hangedman_abyss_or_decor_lesser_grid,
          bloody_trog, uniq_crazy_yiuf_cottage, uniq_ijyb
D:6:      cheibrodos_iron_armory, layout_cave_pods,
          grunt_temple_overflow_holy_war, fedhas_altar_fruit_tree
Temple:   eino_wide_crystal_templ

Skill      XL: |  1  2  3  4  5  6  7 |
---------------+----------------------+-----
Long Blades    | 3 4 5 6 |  6.6
Fighting       | 2 3 4 |  4.5
Dodging        | 3 4 5 |  5.0
Throwing       | |  1.7

Action                   |  1- 3 |  4- 6 |  7- 9 || total
-------------------------+-------+-------+-------++-------
Melee: Long sword        |    75 |   165 |    98 ||   338
Throw: Boomerang         |       |    13 |       ||    13
       Throwing net      |       |       |     5 ||     5
  Use: Scroll            |     2 |     8 |     1 ||    11
       Potion            |     1 |     1 |       ||     2
 Stab: Sleeping          |     1 |       |       ||     1
  Eat: Chunk             |     2 |     6 |     5 ||    13
       Ration            |       |     1 |       ||     1
Armor: Leather armour    |    13 |       |       ||    13
       Ring mail         |    12 |    38 |    24 ||    74
Dodge: Dodged            |    64 |   120 |    76 ||   260
       Rpst.: Long sword |    19 |    36 |    20 ||    75

Table legend:
 A = Non-vault XP
 B = Vault XP
 C = Vault XP percentage of total XP
 D = Non-vault monster count
 E = Vault monster count
 F = Vault count percentage of total count
                 A         B        C        D         E       F
            +---------+---------+-------+---------+---------+-------
      Total |    1271 |     211 |  14.2 |      94 |       6 |   6.0
            +---------+---------+-------+---------+---------+-------
        D:1 |      37 |       3 |   7.5 |      18 |       2 |  10.0
        D:2 |      95 |       0 |   0.0 |      20 |       0 |   0.0
        D:3 |      99 |      37 |  27.2 |      19 |       1 |   5.0
        D:4 |     492 |      94 |  16.0 |       9 |       1 |  10.0
        D:5 |     528 |      77 |  12.7 |      22 |       2 |   8.3
        D:6 |      20 |       0 |   0.0 |       6 |       0 |   0.0
            +---------+---------+-------+---------+---------+-------
